 Dungeon Crawl Stone Soup version 0.17.0-28-g6e173f8 (console) character file.

645 Kloppie the Chiller (level 7, -3/50 HPs)
             Began as a Green Draconian Ice Elementalist on Dec 3, 2015.
             Slain by Grinder (10 damage)
             ... on level 4 of the Dungeon.
             The game lasted 00:08:58 (4291 turns).

Kloppie the Chiller (DrIE)                          Turns: 4291, Time: 00:08:58

Health: -3/50      AC:  7    Str: 10    XL:     7   Next: 27%
Magic:  3/13       EV: 12    Int: 17    God:
Gold:   132        SH:  0    Dex: 12    Spells: 4 memorised, 2 levels left

rFire  . . .     SeeInvis .     m - +0 halberd
rCold  . . .     Clarity  .     (armour unavailable)
rNeg   . . .     SustAt   .     (shield currently unavailable)
rPois  +         Gourm    .     (helmet restricted)
rElec  .         Spirit   .     (no cloak)
rCorr  .         Warding  .     j - +0 pair of gloves
rMut   .         Stasis   .     (no boots)
MR     .....                    (no amulet)
Stlth  ++........               (no ring)
                                k - +3 ring of slaying

@: very slightly contaminated, not resistant to hostile enchantments, unstealthy
A: breathe noxious fumes, unfitting armour, poison resistance, cold-blooded, AC
+6
a: Breathe Noxious Fumes


You were on level 4 of the Dungeon.
You were not hungry.

You visited 1 branch of the dungeon, and saw 4 of its levels.

You collected 132 gold pieces.

Inventory:

Hand Weapons
 m - a +0 halberd (weapon)
Armour
 j - a +0 pair of gloves (worn)
Jewellery
 k - a +3 ring of slaying (left hand)
Scrolls
 c - 4 scrolls of remove curse
 d - 4 scrolls of fear {unknown}
 e - a scroll of teleportation
 f - a scroll of enchant weapon {unknown}
 l - a scroll of immolation {unknown}
 q - a scroll of amnesia {unknown}
 s - 3 scrolls of identify
Potions
 i - 3 potions of curing
 o - a potion of mutation {unknown}
 p - 2 potions of flight {unknown}
 t - a potion of lignification {unknown}
 u - a potion of poison {unknown}
 v - a potion of brilliance {unknown}
Books
 a - a book of Frost

   Spells                             Type                      Level
   a - Freeze                         Ice                          1
   b - Throw Frost                    Conjuration/Ice              2
   c - Ozocubu's Armour               Charms/Ice                   3
   d - Throw Icicle                   Conjuration/Ice              4
   e - Summon Ice Beast               Ice/Summoning                4
   f - Condensation Shield            Ice                          4
Comestibles
 b - 5 bread rations
 g - 2 royal jellies
 h - 2 chunks of flesh
 n - a slice of pizza
 r - a meat ration


   Skills:
 - Level 1.7 Dodging
 - Level 1.7 Stealth
 - Level 4.1 Spellcasting
 - Level 1.0 Conjurations
 + Level 3.7 Summonings
 + Level 6.3 Ice Magic


You had 2 spell levels left.
You knew the following spells:

 Your Spells              Type           Power        Failure   Level  Hunger
a - Freeze                Ice            ###.         1%          1    None
b - Ozocubu's Armour      Chrm/Ice       ##......     14%         3    ###....
c - Summon Ice Beast      Ice/Summ       ###.....     21%         4    ####...
d - Throw Icicle          Conj/Ice       ###.....     38%         4    ####...


Dungeon Overview and Level Annotations

Branches:
Dungeon (4/15)
 Temple: D:4-7

Altars:
Dithmenos
Elyvilon
Ru
Trog
Zin
The Shining One

Annotations:
D:4 Grinder


Innate Abilities, Weirdness & Mutations

You can breathe blasts of noxious fumes.
Your lurid green scales are hard (AC +6).
Your body does not fit into most forms of armour.
Your system is resistant to poisons.
You are cold-blooded and may be slowed by cold attacks.


Message History

You closely miss Grinder.
Grinder is severely wounded.
Grinder gestures at you. You resist with significant effort. Grinder hits you.
* * * LOW HITPOINT WARNING * * *
You writhe in agony.
* * * LOW HITPOINT WARNING * * *
You closely miss Grinder. You tail-slap Grinder.
Grinder is severely wounded.
Grinder barely misses you.
You hit Grinder but do no damage.
Grinder is severely wounded.
Grinder hits you but does no damage. x2
You closely miss Grinder.
Grinder is severely wounded.
Grinder misses you.
You hit Grinder.
Grinder is almost dead.
Grinder hits you!
You die...

########## .........#
########.#####
#...........#
#.#####.###.#
#.##......#.#
###.##.##.#.#.#
...(...##.#.#.############
###.#####.#.#..5@.........
#.......#†#..##########.
#.#######.#..# #.#
#.5....# ###.#####.#.#.##
...............§..#
..........#######.#
###.#....... ###.#.###.##


You could see Grinder.

Vanquished Creatures
  2 phantoms (D:4)
  An ogre (D:4)
  A scorpion (D:4)
  A crimson imp (D:3)
  An orc priest (D:4)
  3 orc wizards
  4 gnolls
  4 adders
  2 oozes
  A worm (D:3)
  3 giant geckos
  14 orcs
  8 bats
  11 hobgoblins
  6 jackals
  9 kobolds
  5 quokkas
  5 giant cockroaches
  2 giant newts
  10 goblins
  12 rats
105 creatures vanquished.

Vanquished Creatures (others)
  An orc (D:4)
1 creature vanquished.

Grand Total: 106 creatures vanquished

Notes
Turn   | Place    | Note
--------------------------------------------------------------
     0 | D:1      | Kloppie the Draconian Ice Elementalist began the quest for the Orb.
     0 | D:1      | Reached XP level 1. HP: 14/14 MP: 3/3
   419 | D:1      | Reached XP level 2. HP: 18/20 MP: 0/5
   854 | D:1      | Reached XP level 3. HP: 23/26 MP: 7/7
   890 | D:1      | Learned a level 3 spell: Ozocubu's Armour
  1612 | D:2      | Found a shadowy altar of Dithmenos.
  1618 | D:2      | Reached skill level 4 in Ice Magic
  1812 | D:2      | Reached XP level 4. HP: 33/33 MP: 4/8
  1851 | D:2      | Learned a level 4 spell: Summon Ice Beast
  1874 | D:2      | Found a glowing golden altar of the Shining One.
  2748 | D:3      | Reached XP level 5. HP: 35/38 MP: 7/10
  2986 | D:3      | Found a white marble altar of Elyvilon.
  3143 | D:3      | Reached skill level 5 in Ice Magic
  3220 | D:3      | Learned a level 4 spell: Throw Icicle
  3470 | D:4      | Reached skill level 1 in Summonings
  3470 | D:4      | Reached XP level 6. HP: 45/45 MP: 9/12
  3585 | D:4      | Found a glowing silver altar of Zin.
  3587 | D:4      | Found a bloodstained altar of Trog.
  3612 | D:4      | Noticed a phantom
  3625 | D:4      | Noticed an ogre
  3632 | D:4      | Killed an ogre
  3886 | D:4      | Killed a phantom
  3923 | D:4      | Reached skill level 6 in Ice Magic
  3927 | D:4      | Your scales start taking on a lurid green colour.
  3927 | D:4      | Gained mutation: Your system is resistant to poisons. [Green Draconian growth]
  3927 | D:4      | Reached XP level 7. HP: 30/50 MP: 8/13
  4088 | D:4      | Found a sacrificial altar of Ru.
  4166 | D:4      | Noticed a phantom
  4226 | D:4      | Killed a phantom
  4265 | D:4      | Noticed Grinder
  4291 | D:4      | Slain by Grinder

Action                   |  1- 3 |  4- 6 |  7- 9 || total
-------------------------+-------+-------+-------++-------
Melee: Club              |    72 |     7 |       ||    79
       Unarmed           |     2 |       |       ||     2
       Halberd           |       |   113 |    58 ||   171
 Cast: Freeze            |    49 |    45 |     7 ||   101
       Ozocubu's Armour  |       |     3 |       ||     3
  Use: Scroll            |       |     3 |       ||     3
 Stab: Sleeping          |     1 |     1 |     1 ||     3
       Paralysed         |       |       |     1 ||     1
  Eat: Chunk             |     3 |     7 |     2 ||    12
